[Event "GER-ch-Seniors-50 2019"]
[Site "Radebeul"]
[Date "2019.05.01"]
[Round "6.1"]
[White "Metz, Hartmut"]
[Black "Nekrasov, Mihail"]
[Result "1/2-1/2"]
[ECO "B12"]
[WhiteElo "2251"]
[BlackElo "2277"]
[Annotator "NA"]
[PlyCount "56"]
[EventDate "2019.04.26"]
[EventType "swiss"]
[EventCountry "GER"]
[SourceTitle "playchess.com"]
[Source "ChessBase"]
[SourceQuality "1"]
[TimeControl "40/5400+30:1800+30"]

1. e4 c6 2. d4 d5 3. e5 Bf5 4. Nf3 e6 5. Be2 Nd7 6. O-O h6 7. Nbd2 Ne7 {[%emt 0:01:15] B12: Caro-Kann: Advance Variation} 8. Nb3 (8. c3 g5 9. Ne1 c5 10. Nc2 Nc6 11. Nb3 c4 12. Nd2 Bg6 13. Bh5 Bd3 14. Re1 Bg7 {0-1 (60) Vachier Lagrave,M (2779)-Nakamura,H (2777) chess.com INT 2018}) 8... g5 9. Ne1 Bg7 10. Nd3 Ng6 11. a4 $146 ({Predecessor:} 11. Ndc5 Nxc5 12. Nxc5 Nf4 13. Nxb7 Nxe2+ 14. Qxe2 Qd7 {1-0 (30) Sammed Jaykumar,S (2351)-Deviatkin,A (2471) Mumbai 2018}) 11... a5 12. Bd2 b6 13. Rc1 c5 14. dxc5 bxc5 15. Ndxc5 Nxc5 16. Nxc5 O-O 17. g4 Be4 18. f3 Qb6 19. Be3 d4 (19... Rfc8 $1 $11 {remains equal.} 20. fxe4 Bf8) 20. Qxd4 Bc6 21. Nxe6 $1 {[%emt 0:02:53] Discovered Attack} Qxd4 22. Nxd4 Bxa4 23. Nf5 Bxe5 24. b3 Bd7 25. Nxh6+ Kh7 26. Rcd1 Be6 {[%emt 0:01:06] [#]} 27. Bxg5 (27. Nf5 $1 $16) 27... Bf4 28. h4 $11 f6 1/2-1/2

[Event "GER-ch-Seniors-50 2019"]
[Site "Radebeul"]
[Date "2019.05.01"]
[Round "6.2"]
[White "Koehler, Gerhard"]
[Black "Mueller, Michael"]
[Result "1-0"]
[ECO "D35"]
[WhiteElo "2153"]
[BlackElo "2163"]
[Annotator "NA"]
[PlyCount "223"]
[EventDate "2019.04.26"]
[EventType "swiss"]
[EventCountry "GER"]
[SourceTitle "playchess.com"]
[Source "ChessBase"]
[SourceQuality "1"]
[TimeControl "40/5400+30:1800+30"]

1. c4 e6 2. Nc3 d5 3. cxd5 exd5 4. d4 Nf6 5. Bg5 Be7 6. e3 O-O 7. Bd3 c6 8. Nge2 Re8 9. Qc2 h6 10. Bh4 Nbd7 11. O-O Nf8 12. f3 Ne6 13. Rad1 b6 14. Qa4 Bb7 15. Bb1 Nf8 16. Qc2 Rc8 $11 17. e4 dxe4 18. Bxf6 Bxf6 19. fxe4 Bg5 20. Qd3 Rc7 21. e5 Rd7 22. Ne4 c5 23. Nd6 Rxd6 24. exd6 Qxd6 25. d5 Qc7 26. Nc3 c4 27. Qf5 Re5 28. Qf3 Qe7 29. Kh1 Qd7 30. Rfe1 Rxe1+ 31. Rxe1 g6 32. Rd1 f5 33. a4 a6 34. Qf2 Qd6 35. Qd4 Qc7 36. d6 Qc6 37. Qd5+ Qxd5 38. Nxd5 Nd7 39. Ba2 b5 40. axb5 axb5 41. Kg1 Kf7 42. Nc7 Bc6 43. Re1 Bf6 44. b3 Nc5 45. bxc4 b4 46. Nd5 b3 47. Nxf6 Kxf6 48. Bb1 Be4 49. Bxe4 fxe4 50. Rd1 Nd3 51. Kf1 Ke6 52. d7 Kxd7 53. Ke2 Kc6 54. Kd2 Kc5 55. Kc3 b2 56. g4 h5 57. gxh5 gxh5 58. Rf1 Kd6 59. Rd1 Ke5 60. Rf1 Ke6 61. Kc2 Ke5 62. Kc3 Ke6 63. Rb1 Ke5 64. c5 Nxc5 65. Kxb2 Kd4 66. Kc2 Nd3 67. Rb8 Ke3 68. Rg8 Ne1+ 69. Kd1 Nf3 70. Rg2 h4 71. Ra2 Kf4 72. Rb2 Ke3 73. Ra2 h3 74. Rb2 Kf4 75. Ra2 Nd4 76. Ke1 Kf3 77. Kf1 e3 78. Ra3 Ke4 79. Ra2 Kd3 80. Ra3+ Ke4 81. Ra2 Ne6 82. Ra4+ Kf3 83. Ra3 Nd4 84. Rd3 Nf5 85. Ra3 Nh6 86. Ra8 Nf5 87. Rh8 e2+ 88. Ke1 Kg2 89. Kxe2 Kxh2 90. Kf2 Nd4 91. Rh4 Nf5 92. Ra4 Nd6 93. Rd4 Nf5 94. Rd3 Nh4 95. Ra3 Ng6 96. Ra2 Nh4 97. Rb2 Nf5 98. Kf3+ Kg1 99. Rb1+ Kh2 100. Ra1 Nh6 101. Ra2+ Kg1 102. Kg3 Nf5+ 103. Kxh3 Kf1 104. Kg4 Nd4 105. Kf4 Ne6+ 106. Kf3 Nd4+ 107. Ke4 Ne6 108. Ra5 Kf2 109. Re5 Nd8 110. Kd5 Kg3 111. Re7 Kf4 112. Rd7 1-0

[Event "GER-ch-Seniors-50 2019"]
[Site "Radebeul"]
[Date "2019.05.01"]
[Round "6.3"]
[White "Steiger, Michael"]
[Black "Stahr, Ralf-Peter"]
[Result "0-1"]
[ECO "A15"]
[WhiteElo "1982"]
[BlackElo "2160"]
[Annotator "NA"]
[PlyCount "36"]
[EventDate "2019.04.26"]
[EventType "swiss"]
[EventCountry "GER"]
[SourceTitle "playchess.com"]
[Source "ChessBase"]
[SourceQuality "1"]
[TimeControl "40/5400+30:1800+30"]

1. c4 Nf6 2. Nf3 e6 3. g3 d5 4. Bg2 c5 5. cxd5 Nxd5 6. O-O Nc6 7. d4 Qb6 8. e4 Nf6 9. dxc5 Bxc5 10. Nc3 Bb4 11. Be3 Qa5 12. Rc1 O-O 13. Qc2 Bxc3 14. bxc3 e5 15. Bg5 Nd7 16. Rfd1 Nb6 17. Nh4 Be6 18. Rd5 Nxd5 0-1

[Event "GER-ch-Seniors-50 2019"]
[Site "Radebeul"]
[Date "2019.05.01"]
[Round "6.5"]
[White "Wenner, Tobias"]
[Black "Pirrot, Dieter"]
[Result "1-0"]
[ECO "A06"]
[WhiteElo "2108"]
[BlackElo "2334"]
[Annotator "NA"]
[PlyCount "99"]
[EventDate "2019.04.26"]
[EventType "swiss"]
[EventCountry "GER"]
[SourceTitle "playchess.com"]
[Source "ChessBase"]
[SourceQuality "1"]
[TimeControl "40/5400+30:1800+30"]

1. Nf3 d5 2. g3 Nc6 3. d4 Bg4 4. Nbd2 (4. Bg2 e6 5. O-O Bd6 6. c4 Nf6 7. Nc3 O-O 8. cxd5 Nxd5 9. h3 Bh5 10. e4 Nxc3 11. bxc3 Rb8 12. Rb1 f6 13. Be3 b6 14. Qc2 e5 15. Nh4 Na5 16. Nf5 Nc4 {0-1 (48) Smirin,I (2609)-Yakubboev,N (2556) St Petersburg 2018}) 4... e6 5. Bg2 Nf6 6. c3 {[%emt 0:02:44] D02: 1 d4 d5 2 Nf3 sidelines, including 2...Nf6 3 g3 and 2...Nf6 3 Bf4} Bd6 7. h3 Bh5 8. g4 Bg6 9. Nh4 Be4 10. Nxe4 Nxe4 11. Nf3 h5 $146 ({Predecessor:} 11... O-O) 12. Be3 Qe7 13. Nd2 hxg4 14. Nxe4 dxe4 15. hxg4 Rxh1+ 16. Bxh1 f5 17. Qd2 Qh4 18. O-O-O O-O-O 19. f3 Be7 20. gxf5 Ne5 21. Qe1 Nc4 22. Qxh4 Bxh4 23. Bf4 exf5 24. b3 exf3 25. Bxf3 Nb6 26. Rg1 Rg8 27. Rg6 c6 28. Be5 Nd5 29. Bxd5 cxd5 30. Rxg7 Rxg7 31. Bxg7 b5 32. Kc2 Kd7 33. a4 a6 34. axb5 axb5 35. c4 bxc4 36. bxc4 Kc6 37. Kd3 Bg5 38. Be5 Bh6 39. c5 Bg5 40. e3 Kd7 41. Ke2 Kc6 42. Kf3 Kd7 43. Bf4 Bd8 44. Kg3 Be7 45. Bh6 Ke6 46. Kf4 Bd8 47. Bg7 Bh4 48. Be5 Bf2 49. c6 Bg1 50. Kf3 1-0

[Event "GER-ch-Seniors-50 2019"]
[Site "Radebeul"]
[Date "2019.05.01"]
[Round "6.6"]
[White "Redzepovic, Irfan"]
[Black "Loew, Gerald"]
[Result "1-0"]
[ECO "A88"]
[WhiteElo "2075"]
[BlackElo "2157"]
[Annotator "NA"]
[PlyCount "145"]
[EventDate "2019.04.26"]
[EventType "swiss"]
[EventCountry "GER"]
[SourceTitle "playchess.com"]
[Source "ChessBase"]
[SourceQuality "1"]
[TimeControl "40/5400+30:1800+30"]

1. d4 d6 2. Nf3 f5 3. c4 Nf6 4. Nc3 g6 5. g3 Bg7 6. Bg2 O-O 7. O-O c6 8. Rb1 Qc7 9. c5 Kh8 10. b4 Be6 11. Qc2 Bg8 12. Bf4 Nh5 13. Bd2 Nd7 14. Rfd1 Rae8 15. Bc1 a6 16. a4 a5 17. cxd6 exd6 18. bxa5 Bc4 19. Ba3 Ndf6 20. e3 Rf7 21. Nd2 Ba6 22. Rdc1 Rd7 23. Rb6 d5 24. Nb3 Bh6 25. Nd1 f4 26. Nc5 fxe3 27. fxe3 Bc4 28. Rcb1 Nxg3 29. Rxb7 Ne2+ 30. Kh1 Ng3+ 31. hxg3 Qxg3 32. Qf2 Rxb7 33. Nxb7 Qg5 34. Nd6 Rf8 35. Kg1 Bd3 36. Rb3 Be4 37. Rb2 Qh5 38. Rd2 Ng4 39. Qg3 Bxg2 40. Rxg2 Nxe3 41. Nxe3 Rf3 42. Qe5+ Qxe5 43. dxe5 Bxe3+ 44. Kh1 Rf1+ 45. Kh2 Bf4+ 46. Kh3 Bxe5 47. Re2 Rh1+ 48. Kg2 Rh2+ 49. Kf1 Rh1+ 50. Kf2 Rh2+ 51. Ke1 Bc3+ 52. Kd1 Rxe2 53. Kxe2 Bxa5 54. Nb7 Bc7 55. Be7 Kg7 56. Bd8 Bb8 57. Bb6 Kf6 58. Nd8 Ke7 59. Nxc6+ Kd7 60. Nb4 h5 61. Be3 d4 62. Bxd4 g5 63. Be3 g4 64. a5 Bc7 65. a6 Kc8 66. Nd5 Bd8 67. Bf4 h4 68. Kf2 Ba5 69. Kg2 Bd8 70. Be5 Ba5 71. Ne7+ Kd7 72. a7 h3+ 73. Kh2 1-0

[Event "GER-ch-Seniors-50 2019"]
[Site "Radebeul"]
[Date "2019.05.02"]
[Round "7.1"]
[White "Stahr, Ralf-Peter"]
[Black "Metz, Hartmut"]
[Result "1/2-1/2"]
[ECO "A11"]
[WhiteElo "2160"]
[BlackElo "2251"]
[Annotator "NA"]
[PlyCount "76"]
[EventDate "2019.04.26"]
[EventType "swiss"]
[EventCountry "GER"]
[SourceTitle "playchess.com"]
[Source "ChessBase"]
[SourceQuality "1"]
[TimeControl "40/5400+30:1800+30"]

1. c4 c6 2. Nc3 d5 3. e3 Nf6 4. Nf3 a6 5. d4 Bf5 6. Qb3 Ra7 {[%emt 0:03:05] D15: Slav Defence: 4 Nc3 a6 and gambit lines after 4 Nc3 dxc4} 7. cxd5 (7. Nh4 Bc8 8. Bd2 e6 9. c5 Nbd7 10. Nf3 e5 11. Nxe5 Nxe5 12. dxe5 Nd7 13. Na4 Bxc5 14. Nxc5 Nxc5 {0-1 (84) Radjabov,T (2757)-Fedoseev,V (2724) Wijk aan Zee 2019}) 7... cxd5 8. a4 Nc6 9. Bd2 $146 ({Predecessor:} 9. Ne5 e6 10. Bd3 Bxd3 11. Nxd3 Bd6 12. O-O h5 13. f4 {½-½ (79) Mateos Cordero,F (1491)-Balsinde Montemayor,P (1810) Madrid 2012}) 9... e6 10. Be2 Bd6 11. O-O O-O 12. Rfc1 h6 13. h3 Na5 14. Qa2 Qb6 15. b4 Bxb4 16. Ne5 (16. Qb2 $11 Nc6 17. Ne5) 16... Bd6 17. Bd3 Bxd3 18. Nxd3 Qd8 19. Ne5 Bxe5 20. dxe5 Nd7 21. f4 Nc4 22. Nd1 Nxd2 23. Qxd2 Nb6 (23... b6 $17 24. a5 Rc7) 24. Qd4 Ra8 25. Rab1 Nc4 26. Rxb7 Qa5 27. Nc3 Rac8 28. f5 Qc5 29. fxe6 fxe6 30. Ne2 Rc7 (30... Rf7 $11 31. Rxf7 Kxf7) 31. Rxc7 (31. Qxc5 $14 Rxc5 32. Nf4) 31... Qxc7 32. e4 Rd8 {[%emt 0:07:27] [#]} 33. exd5 $1 exd5 34. Nf4 Qa5 35. Ne6 Re8 36. Qg4 Re7 37. Rf1 $19 (37. Rb1 $16 {is forced if you want to stay better.} Nb2 38. Nd4) 37... Rd7 38. Rd1 Rd8 1/2-1/2

[Event "GER-ch-Seniors-50 2019"]
[Site "Radebeul"]
[Date "2019.05.02"]
[Round "7.4"]
[White "Mueller, Michael"]
[Black "Redzepovic, Irfan"]
[Result "1-0"]
[ECO "A46"]
[WhiteElo "2163"]
[BlackElo "2075"]
[Annotator "NA"]
[PlyCount "93"]
[EventDate "2019.04.26"]
[EventType "swiss"]
[EventCountry "GER"]
[SourceTitle "playchess.com"]
[Source "ChessBase"]
[SourceQuality "1"]
[TimeControl "40/5400+30:1800+30"]

1. d4 Nf6 2. Nf3 e6 3. Bf4 b6 4. e3 Bb7 5. Bd3 Be7 6. Nbd2 Nh5 7. Bg3 c5 8. c3 Nc6 {[%emt 0:02:29] A47: 1 d4 Nf6 2 Nf3 b6: Torre, London and Colle Systems} 9. Qe2 a6 10. a3 b5 $146 ({Predecessor:} 10... Nxg3 11. hxg3 d5 12. b4 Qc7 13. bxc5 bxc5 {0-1 (109) Mueller,M (2146)-Moiseenko,A (2670) Karlsruhe 2017}) 11. dxc5 Bxc5 12. Ne4 Nxg3 13. hxg3 Be7 14. g4 Rc8 15. Rd1 d5 16. Ned2 Qb6 17. Nb3 Kf8 {[%emt 0:06:17] [#]} 18. e4 $1 Nb8 19. e5 g6 20. Qd2 Kg8 21. Qf4 Qd8 22. Ke2 Nd7 23. Nbd4 Nc5 24. Bc2 Qc7 25. Qe3 Nd7 26. Kf1 Bf8 27. Re1 Bg7 28. g3 Nb6 29. Re2 ({White should play} 29. Nd2 $14) 29... Nc4 30. Qf4 (30. Qg5 $15) 30... Nxb2 31. Bxg6 hxg6 32. Rxh8+ Bxh8 33. Rxb2 Qxc3 34. Rd2 Qxa3 35. Kg2 Qe7 36. g5 Qb4 37. Nh2 Qb1 38. Re2 Qc1 $2 (38... b4 $11 {and Black has nothing to worry.} 39. Ng4 Bg7 40. Nh6+ Bxh6 41. gxh6 {[#]} g5 $1 42. Qxg5+ Qg6) 39. Qh4 Bg7 40. Ng4 Rc7 $18 (40... Kf8 $17 41. Qh7 Qxg5) 41. Nf6+ Kf8 42. Qh7 Bxf6 43. exf6 Ke8 44. Qg8+ Kd7 45. Qxf7+ Kd6 46. Qf8+ Kd7 47. Qe7+ {Qb1 Kf3+ Rc1} 1-0

[Event "GER-ch-Seniors-50 2019"]
[Site "Radebeul"]
[Date "2019.05.02"]
[Round "7.5"]
[White "Held, Peter"]
[Black "Bohnstorff, Michael"]
[Result "1/2-1/2"]
[ECO "A29"]
[WhiteElo "2179"]
[BlackElo "2044"]
[Annotator "NA"]
[PlyCount "81"]
[EventDate "2019.04.26"]
[EventType "swiss"]
[EventCountry "GER"]
[SourceTitle "playchess.com"]
[Source "ChessBase"]
[SourceQuality "1"]
[TimeControl "40/5400+30:1800+30"]

1. c4 Nf6 2. Nc3 e5 3. Nf3 Nc6 4. g3 Be7 5. Bg2 O-O 6. O-O d6 7. Rb1 {[%emt 0:01:46] A29: English Opening: Four Knights Variation with 4 g3} Be6 8. Nd5 $2 $146 ({Predecessor:} 8. d3 $11 Ne8 9. b4 Qc8 10. b5 Nb8 11. Ng5 Bxg5 12. Bxg5 f5 13. Nd5 Rf7 14. Ne7+ Rxe7 15. Bxe7 {1-0 (39) Anurag,M (2401)-Mayed,A (1781) Sharjah 2013}) 8... Nxd5 9. cxd5 Bxd5 10. Qa4 Bf6 11. e4 Be6 12. b4 Qd7 (12... a6 $19 13. a3 g5) 13. Qc2 (13. b5 $17 Ne7 14. d4) 13... a6 14. d3 h6 15. Be3 Rfc8 16. a4 Bh3 17. b5 axb5 18. axb5 Nd8 19. d4 Bxg2 20. Kxg2 exd4 21. Nxd4 Bxd4 22. Bxd4 Ne6 23. Be3 b6 24. Rfd1 Qe8 25. Rd5 f6 26. f4 Qf7 27. Rb2 Re8 28. Qc6 (28. Bf2 $17 {was necessary.}) 28... Ra3 29. Re2 Rea8 30. Qc4 R8a4 31. Qc2 Ra5 32. Qd2 Qe8 33. e5 Rxb5 34. Rxb5 Qxb5 35. exd6 Qc6+ 36. Kf2 Qxd6 37. Qxd6 cxd6 38. Bc1 Ra1 39. Rxe6 Rxc1 40. Rxd6 Rc2+ 41. Kf3 $15 1/2-1/2

[Event "GER-ch-Seniors-50 2019"]
[Site "Radebeul"]
[Date "2019.05.02"]
[Round "7.6"]
[White "Schulze, Andreas"]
[Black "Kierzek, Mira"]
[Result "0-1"]
[ECO "B20"]
[WhiteElo "2135"]
[BlackElo "1978"]
[Annotator "NA"]
[PlyCount "132"]
[EventDate "2019.04.26"]
[EventType "swiss"]
[EventCountry "GER"]
[SourceTitle "playchess.com"]
[Source "ChessBase"]
[SourceQuality "1"]
[TimeControl "40/5400+30:1800+30"]

1. e4 c5 2. d3 Nc6 3. f4 g6 4. Nf3 Bg7 5. Be2 d6 6. O-O Nf6 {[%emt 0:00:44] B21: Sicilian: 2 f4 and Morra Gambit} (6... e6 7. c3 Nge7 8. Be3 f5 9. Na3 O-O 10. Qd2 b6 11. Rae1 Bb7 12. Bd1 Qd7 13. b4 Bxc3 14. Qxc3 cxb4 {½-½ (27) Tomashevsky,E (2705)-Shevchenko,K (2535) Skopje 2019}) 7. Qe1 O-O 8. c3 e5 9. fxe5 $146 ({Predecessor:} 9. Qh4 Nh5 10. fxe5 Qxh4 11. Nxh4 Nxe5 12. Bg5 Re8 13. Bxh5 gxh5 14. Rd1 Bg4 15. Rd2 c4 {0-1 (35) Gaciu,V (1968)-Deschenes,M (1864) Victoria 2009}) 9... dxe5 10. Na3 a6 11. Nc4 Ng4 12. a4 Be6 13. Ne3 Nxe3 14. Bxe3 b6 15. Ng5 Bd7 16. Bd1 Qe7 17. Bb3 Be8 18. Bd5 Rc8 {[%emt 0:00:46] [#]} 19. Qd2 ({But not} 19. Qh4 h6 $16) (19. Qg3 $1 $16 Rc7 20. a5) 19... h6 20. Nh3 Kh7 $1 21. Rf3 Bd7 22. Raf1 Nd8 23. Qc2 Be6 24. Qb3 Rc6 25. Qc4 Qa7 (25... a5 $11) 26. Qa2 Rd6 27. c4 Qc7 28. a5 b5 29. cxb5 axb5 30. Rc1 Ra6 31. b4 Nb7 32. Bxc5 Nxc5 33. Rxc5 Qd7 34. Qc2 Ra7 35. Nf2 Rd8 36. Nd1 Bf8 37. Ne3 Bxc5 38. Qxc5 Rc8 39. Qb6 {[%emt 0:00:38] [#]} ({White should try} 39. Bxe6 $1 $11 Rxc5 40. Bxd7 Rc1+ 41. Rf1 Rxf1+ 42. Kxf1 Rxd7 43. Ke2) 39... Rc1+ $1 40. Kf2 Rb1 $11 (40... h5 $15 41. g4 h4) 41. Bxe6 fxe6 42. Qb8 Rb7 43. Qxe5 Rxb4 44. Qc3 Ra4 45. Rf8 Qg7 46. Qc5 Rf7+ 47. Rxf7 Qxf7+ 48. Kg3 g5 49. Qe5 Qf4+ 50. Qxf4 gxf4+ 51. Kxf4 Rxa5 52. Ke5 Ra3 53. Kxe6 Rxd3 54. Nd5 Rd2 55. g4 Rxh2 56. e5 Rd2 57. Kd6 Kg7 58. Kc5 Kf7 59. Nf4 b4 60. Kc4 Rf2 61. Nd3 Rf3 62. Nxb4 Rf4+ 63. Kc5 Ke6 64. Nc6 Rxg4 65. Nd8+ Kxe5 66. Nf7+ Kf6 0-1

[Event "GER-ch-Seniors-50 2019"]
[Site "Radebeul"]
[Date "2019.05.03"]
[Round "8.1"]
[White "Stahr, Ralf-Peter"]
[Black "Nekrasov, Mihail"]
[Result "1-0"]
[ECO "A28"]
[WhiteElo "2160"]
[BlackElo "2277"]
[Annotator "NA"]
[PlyCount "85"]
[EventDate "2019.04.26"]
[EventType "swiss"]
[EventCountry "GER"]
[SourceTitle "playchess.com"]
[Source "ChessBase"]
[SourceQuality "1"]
[TimeControl "40/5400+30:1800+30"]

1. c4 Nf6 2. Nc3 e5 3. Nf3 Nc6 4. e3 Bb4 5. Qc2 Bxc3 6. Qxc3 Qe7 7. Be2 d5 {[%emt 0:00:59] A28: English Opening: Four Knights Variation} (7... O-O 8. d4 Ne4 9. Qc2 exd4 10. exd4 Qb4+ 11. Bd2 Nxd2 12. Qxd2 Qxd2+ 13. Kxd2 d6 14. h3 Bd7 15. Rhe1 Rfe8 {½-½ (30) Vitiugov,N (2709)-Kryvoruchko,Y (2698) Germany 2019}) 8. d4 exd4 9. Nxd4 Nxd4 10. Qxd4 c5 11. Qf4 O-O 12. O-O Be6 $146 ({Predecessor:} 12... dxc4 13. Bxc4 Be6 {½-½ (80) Stocek,J (2576)-Georgiev,K (2595) Skopje 2018}) 13. b3 dxc4 14. Bxc4 Bxc4 15. Qxc4 Rac8 16. Bb2 Rfd8 17. Rad1 Rxd1 18. Rxd1 Rd8 19. Rxd8+ Qxd8 20. h3 b6 21. Qf4 Ne8 22. Be5 b5 23. Qe4 Qe7 24. Qd5 h6 25. Bb8 Nf6 26. Qc6 $14 Qd7 27. Qxc5 a5 28. Be5 Ne4 29. Qc2 Qd5 30. Bd4 b4 31. Qc8+ Kh7 32. f3 Nc3 33. Kf2 Nb5 34. Qc2+ g6 35. Qe4 Qd7 36. Be5 Qe6 37. Bd4 Qd7 38. Qe5 Nxd4 39. exd4 Qa7 40. Kg3 Qa6 41. d5 Qb5 42. Qd4 Qd7 43. d6 1-0

[Event "GER-ch-Seniors-50 2019"]
[Site "Radebeul"]
[Date "2019.05.03"]
[Round "8.2"]
[White "Belke, Frank"]
[Black "Wenner, Tobias"]
[Result "1/2-1/2"]
[ECO "E70"]
[WhiteElo "2283"]
[BlackElo "2108"]
[Annotator "NA"]
[PlyCount "84"]
[EventDate "2019.04.26"]
[EventType "swiss"]
[EventCountry "GER"]
[SourceTitle "playchess.com"]
[Source "ChessBase"]
[SourceQuality "1"]
[TimeControl "40/5400+30:1800+30"]

1. d4 Nf6 2. c4 g6 3. Nc3 Bg7 4. e4 d6 5. Nge2 O-O 6. Ng3 e5 7. d5 a5 8. h4 {[%emt 0:00:00] E70: King's Indian: Miscellaneous lines with 4 e4, including 5 Nge2 and 5 Bd3 0-0 6 Nge2} h5 9. Bg5 Na6 10. Qd2 (10. Be2 Qe8 11. Qc2 Bd7 12. f3 Nh7 13. Be3 Qe7 14. Nf1 f5 15. O-O-O Nb4 {½-½ (65) Le,Q (2714)-Demchenko,A (2679) St Petersburg 2018}) 10... Qe8 11. O-O-O Nc5 12. f3 Bd7 13. Be2 Nh7 14. Be3 b6 15. Kb1 a4 16. Nb5 Qd8 17. Bd3 $146 ({Predecessor:} 17. Rdg1 Nf6 18. Bd3 Kh7 19. Ne2 Rh8 {1-0 (61) Beecham,C (2459)-Pugh,J (2472) ICCF email 2014}) 17... Nxd3 18. Qxd3 f5 19. exf5 Bxf5 20. Nxf5 Rxf5 21. Rdf1 Nf6 $16 22. Bg5 Qd7 23. Qc2 Nxd5 24. g4 hxg4 25. fxg4 Rxf1+ 26. Rxf1 Nf4 27. Bxf4 exf4 28. Qxg6 Rf8 29. h5 Qf7 30. Qxf7+ Rxf7 31. Rf3 Be5 32. Kc2 Rg7 33. Kd3 Rxg4 34. b3 c6 35. Na7 axb3 36. axb3 c5 37. Nc8 Kg7 38. Ke4 Rg3 39. Ne7 Kf6 40. Nd5+ Kg5 41. h6 Kxh6 42. Nxf4 Rxf3 1/2-1/2

[Event "GER-ch-Seniors-50 2019"]
[Site "Radebeul"]
[Date "2019.05.03"]
[Round "8.3"]
[White "Schatz, Christian"]
[Black "Mueller, Michael"]
[Result "1/2-1/2"]
[ECO "A14"]
[WhiteElo "2150"]
[BlackElo "2163"]
[Annotator "NA"]
[PlyCount "25"]
[EventDate "2019.04.26"]
[EventType "swiss"]
[EventCountry "GER"]
[SourceTitle "playchess.com"]
[Source "ChessBase"]
[SourceQuality "1"]
[TimeControl "40/5400+30:1800+30"]

1. c4 e6 2. Nf3 d5 3. g3 Nf6 4. Bg2 Be7 5. O-O O-O 6. d4 b6 7. Nc3 Bb7 8. Ne5 Nbd7 9. Bg5 h6 10. Nxd7 Qxd7 11. Bxf6 Bxf6 12. cxd5 exd5 13. e3 1/2-1/2

[Event "GER-ch-Seniors-50 2019"]
[Site "Radebeul"]
[Date "2019.05.03"]
[Round "8.4"]
[White "Koehler, Gerhard"]
[Black "Schmidt, Gerhard"]
[Result "0-1"]
[ECO "E98"]
[WhiteElo "2153"]
[BlackElo "2077"]
[Annotator "NA"]
[PlyCount "106"]
[EventDate "2019.04.26"]
[EventType "swiss"]
[EventCountry "GER"]
[SourceTitle "playchess.com"]
[Source "ChessBase"]
[SourceQuality "1"]
[TimeControl "40/5400+30:1800+30"]

1. c4 Nf6 2. Nc3 g6 3. e4 d6 4. d4 Bg7 5. Be2 O-O 6. Nf3 e5 7. O-O Nc6 8. d5 Ne7 9. Ne1 Nd7 10. Be3 f5 11. f3 f4 12. Bf2 g5 13. a4 a5 14. Nd3 b6 15. Nb5 Nf6 16. b4 axb4 17. Be1 g4 18. Bxb4 Ng6 19. fxg4 Nxe4 20. a5 Ng5 21. axb6 Rxa1 22. Qxa1 e4 23. bxc7 Qd7 24. Qd1 f3 25. Bxf3 exf3 26. Bxd6 Qxg4 27. Bg3 Qxc4 28. Nd6 Qxc7 29. Nxc8 Qxc8 30. gxf3 Bd4+ 31. Kh1 Qf5 32. d6 Qd7 33. Nf4 Nxf4 34. Qxd4 Nfe6 35. Qd5 Rc8 36. f4 Nf7 37. f5 Ned8 38. Kg1 Qc6 39. Qd1 Qc5+ 40. Kh1 Qc6+ 41. Kg1 Qe4 42. Rf4 Qe3+ 43. Kg2 Kf8 44. Qg4 Nxd6 45. Qh4 N8f7 46. Kh3 h6 47. Qf6 Ne4 48. Qa6 Rc2 49. Qa8+ Kg7 50. f6+ Kh7 51. Qb7 Kg6 52. Rg4+ Nfg5+ 53. Kh4 Rxh2+ 0-1

[Event "GER-ch-Seniors-50 2019"]
[Site "Radebeul"]
[Date "2019.05.03"]
[Round "8.5"]
[White "Loew, Gerald"]
[Black "Kierzek, Mira"]
[Result "1-0"]
[ECO "A36"]
[WhiteElo "2157"]
[BlackElo "1978"]
[Annotator "NA"]
[PlyCount "105"]
[EventDate "2019.04.26"]
[EventType "swiss"]
[EventCountry "GER"]
[SourceTitle "playchess.com"]
[Source "ChessBase"]
[SourceQuality "1"]
[TimeControl "40/5400+30:1800+30"]

1. c4 c5 2. g3 Nc6 3. Bg2 g6 4. Nc3 Bg7 5. a3 a5 6. Nf3 e5 7. d4 cxd4 8. Nb5 d6 9. e3 Nge7 10. exd4 O-O 11. O-O Rb8 12. d5 e4 13. Ng5 Ne5 14. Nxe4 Nxc4 15. Qb3 f5 16. Qxc4 fxe4 17. Qxe4 Bf5 18. Qe2 Re8 19. Re1 Qd7 20. Bg5 Nc6 21. dxc6 bxc6 22. Qc4+ d5 23. Rxe8+ Rxe8 24. Qc5 cxb5 25. Bxd5+ Kh8 26. Bc6 Rc8 27. Rc1 Qd4 28. Qxd4 Bxd4 29. Bxb5 Bxb2 30. Rxc8+ Bxc8 31. a4 Bc3 32. Bh6 Be6 33. f3 Kg8 34. Be8 Bf7 35. Bxf7+ Kxf7 36. Kf2 Ke6 37. Ke3 Kd5 38. Kd3 Bb4 39. Be3 Be1 40. Bd4 Bb4 41. Bc3 Kc5 42. f4 h5 43. h3 Bxc3 44. Kxc3 Kd5 45. Kd3 Kc5 46. g4 hxg4 47. hxg4 Kd5 48. Ke3 Kc5 49. f5 gxf5 50. gxf5 Kd5 51. Kf4 Kd6 52. Kg5 Ke7 53. Kg6 1-0

[Event "GER-ch-Seniors-50 2019"]
[Site "Radebeul"]
[Date "2019.05.03"]
[Round "8.6"]
[White "Bohnstorff, Michael"]
[Black "Pirrot, Dieter"]
[Result "0-1"]
[ECO "A40"]
[WhiteElo "2044"]
[BlackElo "2334"]
[Annotator "NA"]
[PlyCount "128"]
[EventDate "2019.04.26"]
[EventType "swiss"]
[EventCountry "GER"]
[SourceTitle "playchess.com"]
[Source "ChessBase"]
[SourceQuality "1"]
[TimeControl "40/5400+30:1800+30"]

1. d4 e6 2. Nf3 f5 3. g3 Nf6 4. Bg2 Be7 5. c4 d6 6. Nc3 O-O 7. O-O Ne4 8. Qc2 Nxc3 9. Qxc3 a5 10. b3 Nc6 11. Bb2 Bf6 12. Rad1 {[%emt 0:01:52] A96: Classical Dutch: Fluid Systems: Early deviations} Qe7 13. e3 (13. Rfe1 e5 14. dxe5 dxe5 15. e4 fxe4 16. Nd2 Bg4 17. Ra1 Nd4 18. Kh1 Bg5 19. Nxe4 Bf3 {½-½ (75) Jianu,V (2555)-Gallagher,J (2507) Legnica 2013}) 13... e5 14. dxe5 dxe5 15. Qc1 $146 ({Predecessor:} 15. Qc2 Be6 16. Rd2 g5 17. Rfd1 Qg7 18. Ne1 e4 19. Bxf6 Qxf6 {1-0 (52) Decosse,J (2440)-Leruste,G (2270) Le Port Marly 2012}) 15... e4 16. Bxf6 Rxf6 17. Nd4 Nb4 18. a4 c6 19. Qc3 $11 Bd7 20. Rfe1 Rd8 21. Bf1 c5 22. Nb5 b6 23. Rd2 Bxb5 24. Rxd8+ Qxd8 25. cxb5 h6 26. Bc4+ Kh7 27. Kg2 Qe7 28. Rd1 Rd6 29. Rxd6 Qxd6 30. Be2 Nd3 31. f4 exf3+ 32. Bxf3 Ne5 33. e4 g6 34. exf5 gxf5 35. Be2 Kg6 36. h3 Qd4 37. Qc2 Kg5 38. Qc1+ f4 39. gxf4+ Qxf4 40. Qd1 Qe4+ 41. Kh2 Qe3 42. Kg2 Kf4 43. Qf1+ Ke4 44. Qb1+ Kd4 45. Qa1+ Qc3 46. Qg1+ Ke4 47. Qd1 Ke3 48. Kg3 Qd4 49. Qf1 Qc3 50. Qd1 Ng6 51. Bg4 Qe5+ 52. Kg2 Nf4+ 53. Kf1 Qe4 54. Qe1+ Kd4 55. Qxe4+ Kxe4 56. Kf2 Nd3+ 57. Kg3 Nc1 58. Be6 Kd4 59. Kg4 Kc3 60. Kh5 Nxb3 61. Kxh6 Nd4 62. Bg4 Kd2 63. Bh5 c4 64. Bg6 Nf3 0-1

[Event "GER-ch-Seniors-50 2019"]
[Site "Radebeul"]
[Date "2019.05.04"]
[Round "9.3"]
[White "Schmidt, Gerhard"]
[Black "Nekrasov, Mihail"]
[Result "1/2-1/2"]
[ECO "E04"]
[WhiteElo "2077"]
[BlackElo "2277"]
[Annotator "RC"]
[PlyCount "50"]
[EventDate "2019.04.26"]
[EventType "swiss"]
[EventCountry "GER"]
[SourceTitle "playchess.com"]
[Source "ChessBase"]
[SourceQuality "1"]
[TimeControl "40/5400+30:1800+30"]

1. Nf3 d5 2. d4 Nf6 3. c4 e6 4. g3 dxc4 5. Bg2 Nc6 6. Qa4 Bb4+ 7. Bd2 Nd5 8. Bxb4 Ndxb4 9. O-O Rb8 10. Nc3 a6 11. Ne5 O-O 12. Nxc6 Nxc6 13. Bxc6 bxc6 14. Qxc4 Qd6 15. Qc5 Qxc5 16. dxc5 Rxb2 17. Rab1 Rc2 18. Rfc1 Rxc1+ 19. Rxc1 e5 20. Rb1 Be6 21. Rb7 Rc8 22. f4 exf4 23. gxf4 f5 24. Kf2 Kf7 25. a3 Ke7 1/2-1/2